 Dungeon Crawl Stone Soup version 0.27-a0-1290-g15d3ce7508 (webtiles) character file.

Game seed: 18024060566089662614

37 27snakeeyes612 the Skirmisher (level 3, 0/20 HPs)
             Began as a Vine Stalker Fighter on June 15, 2021.
             Slain by a hobgoblin (1 damage)
             ... led by Robin
             ... on level 1 of the Dungeon.
             The game lasted 00:00:50 (1326 turns).

27snakeeyes612 the Skirmisher (VSFi)                Turns: 1326, Time: 00:00:50

Health: 0/20       AC:  6    Str: 19    XL:     3   Next: 39%
Magic:  0/4        EV:  7    Int:  8    God:
Gold:   59         SH:  9    Dex: 13    Spells: 2/2 levels left

rFire    . . .     SeeInvis .   a - +0 flail
rCold    . . .     Faith    .   c - +0 kite shield
rNeg     . . .     Spirit   +   b - +0 scale mail
rPois    .         Reflect  .   (no helmet)
rElec    .         Harm     .   (no cloak)
rCorr    .         Rampage  .   (no gloves)
Will     .....                  (no boots)
Stlth    ..........             (no amulet)
HPRegen  0.06/turn              (no ring)
MPRegen  0.09/turn              (no ring)

@: no status effects
A: fangs 2, magic shield, antimagic bite, no potion heal 2
a: no special abilities


You were on level 1 of the Dungeon.
You visited 1 branch of the dungeon, and saw 2 of its levels.

You collected 59 gold pieces.

Inventory:

Hand Weapons
 a - a +0 flail (weapon)
Armour
 b - a +0 scale mail (worn)
 c - a +0 kite shield (worn)
Potions
 d - a potion of might


   Skills:
 + Level 3.0 Fighting
 + Level 2.3 Maces & Flails
 + Level 2.7 Armour
 + Level 0.2 Dodging
 + Level 2.9 Shields


You had 2 spell levels left.
You didn't know any spells.
Your spell library was empty.

Dungeon Overview and Level Annotations

Branches:
Dungeon (2/15)

Altars:

Annotations:
D:2 Robin


Innate Abilities, Weirdness & Mutations

You have extremely sharp teeth.
When hurt, damage is shared between your health and your magic reserves.
Your bite disrupts and absorbs the magic of your enemies.
Potions cannot restore your health.


Message History

A goblin comes into view. It is wielding a +0 dagger.
Found a scroll labelled FIBAIN ATZUCHI.
A goblin comes into view. It is wielding a +0 club.
The goblin shouts! x2
Robin throws the goblin at you! You block the hobgoblin's attack.
You block the goblin's attack.
The hobgoblin hits you but does no damage.
You block the goblin's attack. The goblin closely misses you.
You hit the hobgoblin.
You kill the hobgoblin!
Robin throws the goblin at you! You block the goblin's attack. x2
The hobgoblin hits you but does no damage.
Robin roars a battlecry!
The goblins go into a battle-frenzy!
The goblin hits you with a +0 dagger. You block the goblin's attack.
Robin hits you from afar with a +2 vorpal spear.
The goblin hits you with a +0 dagger.
There is a stone staircase leading up here.
The hobgoblin hits you.
* * * LOW HITPOINT WARNING * * *
Robin says, "Bow before me, strongest of all the hobgoblins!"
Robin throws the goblin at you!
You climb upwards.
There is a stone staircase leading down here.
You barely miss the hobgoblin. You block the hobgoblin's attack. x2
You hit the hobgoblin but do no damage.
You bite the hobgoblin, but do no damage.
The hobgoblin hits you.
* * * LOW HITPOINT WARNING * * *
You hit the hobgoblin. Your bite misses the hobgoblin.
The hobgoblin is almost dead.
You block the hobgoblin's attack.
You barely miss the hobgoblin.
The hobgoblin is almost dead.
The hobgoblin hits you.
* * * LOW HITPOINT WARNING * * *
The hobgoblin hits you.
You die...

...##.........#
#############.# #.# #.#
###### #.#
.....########.####
.................#
####.###.##.#.##.#
####.###.##.#.##@#
.........##.#.##g######
.###.###..............#
###..###.##......####.#
..##...........#.# #.#
...#.###.####.##.# #.#
...### #.........# #.#
...##########.#### #.#
####..# ##'## #.#####


You could see a hobgoblin (strong).

Vanquished Creatures
  A dart slug (D:1)
  2 ball pythons (D:1)
  4 endoplasms
  2 giant cockroaches
  A goblin (D:1)
  4 hobgoblins
  4 jackals (D:1)
  4 kobolds (D:1)
  4 bats (D:1)
  A frilled lizard (D:1)
  2 rats (D:1)
29 creatures vanquished.

Notes
Turn   | Place    | Note
-------+----------+-------------------------------------------
     0 | D:1      | 27snakeeyes612 the Vine Stalker Fighter began the quest for
                  | the Orb.
     0 | D:1      | Reached XP level 1. HP: 11/11 MP: 2/2
   313 | D:1      | Reached XP level 2. HP: 16/16 MP: 3/3
   460 | D:1      | Reached skill level 3 in Fighting
   911 | D:1      | You fall into a shaft and drop 1 floor!
  1029 | D:1      | Reached XP level 3. HP: 20/20 MP: 4/4
  1280 | D:1      | You fall into a shaft and drop 1 floor!
  1309 | D:2      | Noticed Robin
  1326 | D:1      | HP: 1/20 [hobgoblin[Robin] (2)]
  1326 | D:1      | Slain by a hobgoblin

Illustrated notes

Levels and vault maps discovered:
D:1:      giann_wishing_wells, layout_loops_corners
D:2:      layout_basic, chequers_ecumenical_altar_simple_redux, serial_curves,
          eino_curves_03, eino_curves_01, uniq_natasha, uniq_robin

Skill      XL: |  1  2 |
---------------+-------+-----
Fighting       | 3 |  3.0
Maces & Flails | 2 |  2.3
Armour         | |  2.7
Dodging        | |  0.2
Shields        | |  2.9

Action                   || total
-------------------------++-------
Melee: Flail             ||    73
       Bite              ||    14
Armor: Scale mail        ||    39
Dodge: Dodged            ||    22
Block: Kite shield       ||    41

Table legend: (Time is in decaauts)
 A = Elapsed time spent in this place.
 B = Non-inter-level travel time spent in this place.
 C = Inter-level travel time spent in this place.
 D = Time resting spent in this place.
 E = Time spent auto-exploring this place.
 F = Levels seen in this place.
 G = Mean time per level.
                   A        B        C        D        E       F      G
               +--------+--------+--------+--------+--------+-----+--------+
         Total |   1366 |   1366 |      0 |      0 |   1164 |   2 |  683.0 |
       Dungeon |   1366 |   1366 |      0 |      0 |   1164 |   2 |  683.0 |
               +--------+--------+--------+--------+--------+-----+--------+

Top non-repeatable levels by time:
     D:1: 1283 daAuts
     D:2: 83 daAuts
